 Dungeon Crawl Stone Soup version 0.32-a0-870-g877066f4b4 (webtiles) character file.

Game seed: 1818845769262527093

62517 WasteTime99 the Severer (level 14, -1/129 HPs)
             Began as a Mountain Dwarf Fighter on Mar 29, 2024.
             Was an Initiate of Gozag.
             Succumbed to an orc warrior's poison
             ... on level 2 of the Orcish Mines.
             The game lasted 00:51:23 (24036 turns).

WasteTime99 the Severer (Mountain Dwarf Fighter)   Turns: 24036, Time: 00:51:24

Health: -1/129     AC: 22    Str: 20    XL:     14   Next: 64%
Magic:  17/17      EV: 10    Int: 15    God:    Gozag
Gold:   1213       SH: 12    Dex:  7    Spells: 13/17 levels left

rFire   + + +        Z - +4 broad axe (venom)
rCold   . . .        J - +3 warlock's mirror {omnireflect}
rNeg    . . .        p - +1 ring mail of Ruiheg {*Slow rF+++ rCorr Slay+2}
rPois   .            d - +2 helmet {SInv}
rElec   .            P - +2 cloak
rCorr   +            j - +0 pair of gloves
SInv    +            I - +0 pair of boots
Will    ++...        b - amulet of Paranoia {Reflect Str+2 Int+4 Dex-5 SH+5} Stlth
                     v - ring "Cieg" {Will+ rCorr Str-4 Dex+3 Slay+2}
HPRegen 0.41/turn    z - +4 ring of protection
MPRegen 0.15/turn

%: slow self (1%), reflection
@: lethally poisoned (-1 -> -14), gold aura, studying Earth Magic
A: runic magic, artefact enchanting
a: Renounce Religion, Potion Petition, Call Merchant, Bribe Branch


You were on level 2 of the Orcish Mines.
You worshipped Gozag.
Gozag was most pleased with you.
You visited 4 branches of the dungeon, and saw 21 of its levels.
You also visited: Bailey.

You collected 5862 gold pieces.
You spent 4526 gold pieces at shops.
You paid 123 gold pieces to Gozag.

Inventory:

Hand Weapons
 k - the +2 war axe of Responsibility {flame, rN++ Dex-4}
   (You found it on level 6 of the Dungeon)

   Dex-4:     It affects your dexterity (-4).
   rN++:      It greatly protects you from negative energy.
 Z - a +4 broad axe of venom (weapon)
Missiles
 e - 4 javelins (quivered)
 l - 31 poisoned darts
 C - 12 boomerangs
Armour
 d - a +2 helmet of see invisible (worn)
 j - a +0 pair of gloves (worn)
 n - a +1 plate armour of cold resistance
 p - the +1 ring mail of Ruiheg (worn) {*Slow rF+++ rCorr Slay+2}
   (You bought it in a shop on level 2 of the Dungeon)

   Slay+2:    It affects your accuracy & damage with ranged weapons and melee
   (+2).
   rF+++:     It renders you almost immune to fire.
   rCorr:     It protects you from acid and corrosion.
   *Slow:     It may slow you when you take damage.
 I - a +0 pair of boots (worn)
 J - the +3 warlock's mirror (worn) {omnireflect}
   (You bought it in a shop on level 2 of the Dungeon)

   Omnireflect: It can block and reflect piercing ranged attacks and magical
   attacks against the wielder's willpower.
 P - a +2 cloak (worn)
Jewellery
 b - the amulet of Paranoia (around neck) {Reflect Str+2 Int+4 Dex-5 SH+5}
   (You acquired it on level 1 of the Dungeon)

   [amulet of reflection]

   Reflect:   It reflects blocked missile attacks.
   Str+2:     It affects your strength (+2).
   Int+4:     It affects your intelligence (+4).
   Dex-5:     It affects your dexterity (-5).
   SH+5:      It affects your SH (+5).
 v - the ring "Cieg" (left hand) {Will+ rCorr Str-4 Dex+3 Slay+2}
   (You found it on level 4 of the Dungeon)

   [ring of resist corrosion]

   Str-4:     It affects your strength (-4).
   Dex+3:     It affects your dexterity (+3).
   Slay+2:    It affects your accuracy & damage with ranged weapons and melee
   (+2).
   Will+:     It increases your willpower.
   rCorr:     It protects you from acid and corrosion.
 z - a +4 ring of protection (right hand)
Talismans
 W - a granite talisman
Wands
 s - a wand of digging (4)
 B - a wand of warping (17)
 D - a wand of mindburst (9)
 H - a wand of flame (39)
 M - a wand of polymorph (9)
 T - a wand of quicksilver (8)
 V - a wand of charming (33)
Scrolls
 g - 6 scrolls of teleportation
 h - 4 scrolls of fear
 q - a scroll of blinking
 r - a scroll of poison
 t - a scroll of fog
 w - a scroll of butterflies
 G - a scroll of silence
 N - 2 scrolls of revelation
Potions
 a - 5 potions of curing
 i - a potion of ambrosia
 m - 3 potions of resistance
 o - 3 potions of attraction
 A - 7 potions of heal wounds
 E - 4 potions of cancellation
 F - 3 potions of haste
 L - 2 potions of berserk rage
 R - 6 potions of might
 U - 3 potions of invisibility
Miscellaneous
 f - a phantom mirror
 K - a lightning rod (1/4)
 X - a Gell's gravitambourine (inert)


   Skills:
 + Level 13.6 Fighting
 - Level 18.0 Axes
 - Level 12.0 Armour
 + Level 5.5 Dodging
 - Level 5.0 Shields
 + Level 2.1 Spellcasting
 - Level 5.0 Earth Magic
 + Level 2.1 Alchemy
 - Level 12.0 Evocations


You had 13 spell levels left.
You knew the following spells:

 Your Spells              Type           Power      Damage    Failure   Level
a - Leda's Liquefaction   Alch/Erth      6%         N/A       56%         4

Your spell library contained the following spells:

 Spells                   Type           Power      Damage    Failure   Level
 Sting                    Conj/Alch      16%        1d4       19%         1
 Apportation              Tloc           2%         N/A       30%         1
 Freeze                   Ice            4%         1d3       30%         1
 Kiss of Death            Conj/Necr      4%         2d5       30%         1
 Necrotise                Necr           4%         1d4       30%         1
 Slow                     Hex            4%         N/A       30%         1
 Summon Small Mammal      Summ           4%         N/A       30%         1
 Ensorcelled Hibernation  Hex/Ice        2%         N/A       41%         2
 Jinxbite                 Hex            2%         N/A       41%         2
 Static Discharge         Conj/Air       2%         3-4/arc   41%         2
 Petrify                  Alch/Erth      12%        N/A       56%         4
 Confusing Touch          Hex            1%         N/A       65%         3
 Frozen Ramparts          Ice            2%         1d1       65%         3
 Fugue of the Fallen      Necr           1%         N/A       65%         3
 Ozocubu's Armour         Ice            1%         N/A       65%         3
 Tukima's Dance           Hex            1%         N/A       65%         3
 Vampiric Draining        Necr           1%         2d6       65%         3
 Airstrike                Air            0%         2d(1-17)  96%         4
 Dimensional Bullseye     Hex/Tloc       0%         N/A       96%         4
 Iskenderun's Mystic Bla Conj/Tloc 1%             2d3        (+2d1     96%         4
 Summon Blazeheart Golem  Fire/Summ      1%         N/A       96%         4
 Summon Lightning Spire   Summ/Air       1%         N/A       96%         4
 Yara's Violent Unravell  Hex/Alch       2%         3d3       99%         5
 Metabolic Englaciation   Hex/Ice        0%         N/A       100%        5
 Enfeeble                 Hex            0%         N/A       100%        7
 Manifold Assault         Tloc           0%         N/A       100%        7
 Orb of Destruction       Conj           0%         9d5       100%        7
 Spellforged Servitor     Conj/Summ      0%         N/A       100%        7
 Infestation              Necr           0%         N/A       100%        8


Dungeon Overview and Level Annotations

Branches:
Dungeon (13/15)            Temple (1/1) D:7            Lair (5/5) D:8
  Swamp (0/4) Lair:3       Spider (0/4) Lair:2        Slime (0/5) Lair:4
    Orc (2/2) D:11            Elf (0/3) Orc:2        Vaults (0/5) D:13
 Bailey (visited)

Altars:
Ashenzari
Cheibriados
Dithmenos
Elyvilon
Fedhas
Gozag
Hepliaklqana
Kikubaaqudgha
Makhleb
Nemelex Xobeh
Okawaru
Qazlal
Ru
Sif Muna
Trog
Uskayaw
Vehumet
Wu Jian
Xom
Yredelemnul
Zin
The Shining One
Beogh
Jiyva

Shops:
D:1 *   D:2 [   D:8 ((([   D:9 !:

Annotations:
D:9 3 runed translucent doors, RedFox's ghost, journeyman MDFi; grizmgrazm2's ghost, novice GnSh
D:12 1 runed translucent door, Drangen's ghost, journeyman CoHu
D:13 exclusion: oklob sapling


Innate Abilities, Weirdness & Mutations

Your spellcasting is much less encumbered by armour.
You can use scrolls of enchantment on lesser artefacts.


Message History

The orc high priest is severely wounded.
You slash the ice devil! You closely miss the orc knight.
The orc priest no longer looks unusually strong.
The orc knight no longer looks unusually strong.
You block the orc high priest's attack.
The orc knight roars a battlecry!
The orcs go into a battle-frenzy!
The orc warrior hits you from afar with a +2 trident of venom.
You are poisoned.
The ice devil hits you but does no damage.
You barely miss the orc high priest.
The orc high priest is severely wounded.
You closely miss the orc knight. You slash the ice devil!
The ice devil looks as sick as possible!
You feel sick.
The orc high priest hits you with a +0 war axe!
* * * LOW HITPOINT WARNING * * *
The orc knight hits you but does no damage.
The orc warrior hits you but does no damage.
You are more poisoned.
The ice devil hits you but does no damage.
You feel much better.
You feel very sick.
The orc priest is distracted by your dazzling golden aura.
You block the orc warrior's attack.
The orc priest looks braver for a moment.
The orc knight hits you with a +0 battleaxe!!
* * * LOW HITPOINT WARNING * * *
The orc high priest invokes the aid of Beogh against you.
Your +3 warlock's mirror {omnireflect} blocks the Pain... and reflects it back!
The orc high priest easily resists.
The ice devil hits you.
* * * LOW HITPOINT WARNING * * *
The ice devil freezes you!!
* * * LOW HITPOINT WARNING * * *
The orc priest shouts!
Blink to where?
Press: ? - help, Dir - move target, p - orc high priest
As you read the scroll of blinking, it crumbles to dust.
You die...
Your body crumbles into a pile of gold.

#...........###..................
#...#..4#...# #.............#..#.
#.........## #.....#...>........
#..#...#..# ##....##.......#.#.
#..oooo.## #....###...........
###.oo#######..................
#..4oo§)...#..#.....##.####.##
##..oo4).).#.).......### ###.
#..o....#)))@#..##.## #.
##.....###)).####### ## #....##
##)).# # ##.### ##).## ### #.).#
##.## ###


You could see an ice devil (summoned, extremely poisoned).

Vanquished Creatures
  Jorgrun (Orc:2)
  Gastronok (Lair:3)
  An orc warlord (Bailey)
  The ghost of Lamaleuchte the Grappler, a journeyman TrFi of Wu Jian (Lair:1)
  A dire elephant (Lair:5)
  Erolcha (Orc:1)
  A vault guard (D:13)
  A catoblepas (Lair:5)
  4 hydras
  A dancing weapon (D:13)
  5 two-headed ogres
  3 boulder beetles
  6 death yaks (Lair:5)
  A deep troll shaman (Lair:5)
  3 orc high priests (Orc:2)
  A skyshark (Lair:5)
  3 skeletal warriors
  An arcanist (D:13)
  Pikel (D:6)
  A phantasmal warrior (Lair:1)
  5 orc knights
  2 manticores
  4 cyclopes
  2 kobold blastminers (Orc:1)
  8 elephants (Lair:5)
  4 black mambas
  A torpor snail (Lair:3)
  An efreet (D:13)
  13 cane toads
  2 unseen horrors
  4 rime drakes
  6 komodo dragons
  5 trolls
  Prince Ribbit (D:7)
  3 polar bears
  3 hornets
  2 raiju (D:10)
  A spriggan (D:12)
  6 slime creatures
  4 water elementals (D:12)
  29 yaks
  3 wyverns
  5 shadows
  2 wraiths
  2 wargs
  A human (Lair:1)
  2 basilisks
  2 acid dragons
  Duvessa (D:7)
  17 water moccasins
  36 orc warriors
  2 laughing skulls (D:13)
  4 ogres (Orc:1)
  A sky beast (D:6)
  5 black bears
  3 ice beasts
  9 wolves
  3 lemures (D:6)
  9 centaurs
  A phantom (D:11)
  2 kobold brigands
  Blork the orc (D:6)
  12 bullfrogs
  A gnoll sergeant (D:8)
  Dowan (D:7)
  A troll zombie (D:11)
  A killer bee (D:8)
  9 electric eels
  A howler monkey (D:9)
  A bombardier beetle (D:5)
  4 hounds
  A jelly (D:8)
  30 orc priests
  3 iguanas
  2 sleepcaps
  Ijyb (D:5)
  22 orc wizards
  7 ogre zombies (D:11)
  5 adders
  10 gnolls
  A shadow imp (D:8)
  2 ufetubi (D:6)
  3 dart slugs
  A ribbon worm (D:2)
  104 orcs
  6 bats
  6 endoplasms
  3 giant cockroaches
  2 gnoll zombies (D:11)
  17 goblins
  16 hobgoblins
  3 jackals (D:5)
  4 quokkas
  5 ball pythons
  7 kobolds
  5 orc skeletons (D:11)
  18 orc zombies (D:11)
  4 rats
574 creatures vanquished.

Vanquished Creatures (others)
  An orc priest (Orc:2)
  An orc wizard (Orc:2)
2 creatures vanquished.

Grand Total: 576 creatures vanquished

Notes
Turn   | Place    | Note
-------+----------+-------------------------------------------
     0 | D:1      | WasteTime99 the Mountain Dwarf Fighter began the quest for
                  | the Orb.
     0 | D:1      | Reached XP level 1. HP: 19/19 MP: 1/1
    37 | D:1      | Reached skill level 3 in Axes
    37 | D:1      | Reached XP level 2. HP: 23/26 MP: 2/2
   150 | D:1      | Reached skill level 4 in Axes
   454 | D:1      | Reached XP level 3. HP: 31/31 MP: 3/3
   608 | D:1      | Found Beih's General Store.
   782 | D:2      | Found Wioc Sea's Antique Armour Shoppe.
   848 | D:2      | Reached skill level 5 in Axes
   982 | D:2      | Reached XP level 4. HP: 37/38 MP: 4/4
  1358 | D:3      | Found a white marble altar of Elyvilon.
  1898 | D:4      | Found a bloodstained altar of Trog.
  1900 | D:4      | Identified the +4 sling of the Big Fish {heavy, Dex+2}
  1923 | D:4      | Identified the ring "Cieg" {Will+ rCorr Str-4 Dex+3 Slay+2}
  1945 | D:4      | Reached skill level 6 in Axes
  2028 | D:4      | Reached XP level 5. HP: 43/45 MP: 5/5
  2123 | D:4      | Reached skill level 7 in Axes
  2635 | D:5      | Entered Level 5 of the Dungeon
  2635 | D:5      | Noticed a black bear
  2636 | D:5      | Noticed a black bear
  2693 | D:5      | Reached XP level 6. HP: 51/51 MP: 6/6
  2720 | D:5      | Reached skill level 8 in Axes
  2813 | D:5      | Noticed an ice beast
  2824 | D:5      | Killed an ice beast
  2855 | D:5      | Got Monehu's Guidebook on the Dead and Rime
  2863 | D:5      | Noticed Ijyb
  2879 | D:5      | Killed Ijyb
  2894 | D:5      | Reached skill level 9 in Axes
  2896 | D:5      | Reached XP level 7. HP: 48/56 MP: 7/7
  2941 | D:5      | Reached skill level 10 in Axes
  3127 | D:5      | Found an iron altar of Okawaru.
  3356 | D:5      | Found a broken altar of Ashenzari.
  3379 | D:5      | Found a sacrificial altar of Ru.
  3825 | D:6      | Reached skill level 11 in Axes
  3834 | D:6      | Reached XP level 8. HP: 48/63 MP: 8/8
  3974 | D:6      | Identified the +2 war axe of Responsibility {flame, rN++
                  | Dex-4}
  4219 | D:6      | Noticed Blork the orc
  4222 | D:6      | Killed Blork the orc
  4263 | D:6      | Noticed Pikel
  4298 | D:6      | Killed Pikel
  4299 | D:6      | Reached skill level 13 in Axes
  4524 | D:6      | Found an ornate altar of the Wu Jian Council.
  4756 | D:7      | Reached skill level 14 in Axes
  4756 | D:7      | Reached XP level 9. HP: 67/70 MP: 9/9
  4793 | D:7      | Noticed Dowan
  4831 | D:7      | Found a hide-covered altar of Uskayaw.
  4834 | D:7      | Noticed Duvessa
  4837 | D:7      | Killed Dowan
  4843 | D:7      | Killed Duvessa
  4957 | D:7      | Reached skill level 15 in Axes
  4986 | D:7      | Noticed Prince Ribbit
  5020 | D:7      | Killed Prince Ribbit
  5103 | D:2      | Bought a glowing cloak for 195 gold pieces
  5192 | D:7      | Found a staircase to the Ecumenical Temple.
  5459 | Temple   | Entered the Ecumenical Temple
  5468 | Temple   | Became a worshipper of Gozag Ym Sagoz the Greedy
  5549 | D:8      | Found Omus's Antique Weapon Boutique.
  5560 | D:8      | Found Nyomyplu's Antique Weapon Shop.
  5592 | D:8      | Paralysed by a hornet for 3 turns
  5854 | D:8      | Found Olleih's Magic Scroll Emporium.
  5860 | D:8      | Bought a scroll of identify for 32 gold pieces
  5860 | D:8      | Bought a scroll of identify for 32 gold pieces
  5860 | D:8      | Bought a scroll of identify for 32 gold pieces
  5883 | D:8      | Found a radiant altar of Vehumet.
  5900 | D:8      | Found a staircase to the Lair.
  5905 | D:8      | Reached skill level 16 in Axes
  6089 | D:8      | Found Ison's Antique Armour Shop.
  6339 | D:8      | Reached skill level 17 in Axes
  6339 | D:8      | Reached XP level 10. HP: 56/77 MP: 7/10
  6476 | D:8      | Found Itite's Antique Weapon Boutique.
  6491 | D:8      | Found a glowing silver altar of Zin.
  6563 | D:8      | Paralysed by a hornet for 1 turns
  7039 | D:8      | Bought a glowing helmet for 150 gold pieces
  7103 | D:9      | Found Pacwapn's Distillery.
  7104 | D:9      | Noticed a cyclops
  7123 | D:9      | Killed a cyclops
  7214 | D:9      | Found Jyimups's Tiny Tomes.
  7355 | D:9      | Noticed a two-headed ogre
  7366 | D:9      | Reached skill level 5 in Fighting
  7366 | D:9      | Reached skill level 5 in Armour
  7366 | D:9      | Reached skill level 5 in Shields
  7372 | D:9      | Killed a two-headed ogre
  7382 | D:9      | Found a runed translucent gate.
  7383 | D:9      | Found a runed translucent gate.
  7384 | D:9      | Found a runed translucent gate.
  7385 | D:9      | Noticed grizmgrazm2's ghost (novice GnSh)
  7386 | D:9      | Noticed RedFox's ghost (journeyman MDFi)
  7425 | D:9      | Found a flagged portal.
  7434 | Bailey   | Entered a bailey
  7498 | Bailey   | Reached skill level 1 in Evocations
  7588 | Bailey   | Noticed an orc warlord
  7619 | Bailey   | Killed an orc warlord
  7620 | Bailey   | Reached XP level 11. HP: 28/92 MP: 2/11
  8034 | Bailey   | Acquired a manual of Earth Magic
  8059 | Bailey   | Acquired the ring "Zucuame" {rF+ MP+9 Str+6 Int-2 Dex-3}
  8269 | D:9      | Bought a potion of heal wounds for 65 gold pieces
  8862 | D:2      | Bought a fine ring mail for 234 gold pieces
  8862 | D:2      | Identified the +1 ring mail of Ruiheg {*Slow rF+++ rCorr
                  | Slay+2} (You bought it in a shop on level 2 of the Dungeon)
  9048 | D:10     | Entered Level 10 of the Dungeon
 10424 | D:8      | Bought a scroll of revelation for 120 gold pieces
 10424 | D:8      | Bought a scroll of fear for 64 gold pieces
 10424 | D:8      | Bought a scroll of blinking for 120 gold pieces
 10424 | D:8      | Bought a scroll of poison for 64 gold pieces
 10536 | D:1      | Bought a potion of heal wounds for 70 gold pieces
 10536 | D:1      | Bought a scroll of identify for 28 gold pieces
 10777 | D:11     | Noticed a two-headed ogre
 10792 | D:11     | Killed a two-headed ogre
 10793 | D:11     | Reached skill level 10 in Armour
 11157 | D:11     | Found a staircase to the Orcish Mines.
 11333 | D:11     | Identified the +1 buckler of the Eternal Fruit {+Inv rF+
                  | Int+2 SInv}
 11984 | D:12     | Noticed a two-headed ogre
 11996 | D:12     | Killed a two-headed ogre
 12227 | D:12     | Noticed a two-headed ogre
 12234 | D:12     | Killed a two-headed ogre
 12235 | D:12     | Reached XP level 12. HP: 98/101 MP: 10/12
 12597 | D:12     | Reached skill level 5 in Evocations
 12798 | D:12     | Noticed a two-headed ogre
 12808 | D:12     | Killed a two-headed ogre
 13210 | D:12     | Noticed a boulder beetle
 13220 | D:12     | Killed a boulder beetle
 13351 | D:12     | Found a runed translucent door.
 13351 | D:12     | Noticed Drangen's ghost (journeyman CoHu)
 13783 | D:13     | Noticed a vault guard
 14046 | D:13     | Killed a vault guard
 14213 | D:13     | Found a gate to the Vaults.
 14304 | D:13     | Reached skill level 10 in Fighting
 15009 | Lair:1   | Entered Level 1 of the Lair of Beasts
 15050 | Lair:1   | Found a runed translucent door.
 15054 | Lair:1   | Noticed Lamaleuchte's ghost (journeyman TrFi)
 15276 | Lair:1   | Noticed a four-headed hydra
 15279 | Lair:1   | Killed a four-headed hydra
 15664 | Lair:1   | You fall into a shaft and drop 1 floor!
 15762 | Lair:2   | Noticed a boulder beetle
 15784 | Lair:2   | Killed a boulder beetle
 15844 | Lair:2   | Reached XP level 13. HP: 114/114 MP: 13/13
 16256 | Lair:1   | Found a runed translucent door.
 16530 | Lair:1   | Killed Lamaleuchte's ghost
 16656 | D:8      | Bought a glowing broad axe for 168 gold pieces
 16778 | D:1      | Bought a scroll of acquirement for 728 gold pieces
 16778 | D:1      | Bought a potion of mutation for 112 gold pieces
 16782 | D:1      | Bought a wand of quicksilver (6) for 352 gold pieces
 16784 | D:1      | Acquired the amulet of Paranoia {Reflect Str+2 Int+4 Dex-5
                  | SH+5}
 17078 | Lair:2   | Reached skill level 18 in Axes
 17252 | Lair:2   | Found a hole to the Spider Nest.
 17720 | Lair:2   | Learned a level 4 spell: Leda's Liquefaction
 17803 | Lair:3   | Reached skill level 1 in Earth Magic
 18396 | Lair:3   | Reached skill level 10 in Evocations
 18661 | Lair:3   | Noticed Gastronok
 18674 | Lair:3   | Killed Gastronok
 18675 | Lair:3   | Reached skill level 5 in Earth Magic
 18837 | Lair:3   | Found a staircase to the Swamp.
 19753 | Lair:4   | Found a viscous altar of Jiyva.
 19753 | Lair:4   | Found a staircase to the Slime Pits.
 20240 | Lair:5   | Entered Level 5 of the Lair of Beasts
 20255 | Lair:5   | Reached skill level 1 in Dodging
 21016 | Lair:5   | Reached XP level 14. HP: 121/126 MP: 14/14
 22208 | D:8      | Bought a heavily runed troll leather armour for 400 gold
                  | pieces
 22208 | D:8      | Identified the +0 troll leather armour of the Original Sin
                  | {Rampage rF- Regen+ rCorr Int+2} (You bought it in a shop
                  | on level 8 of the Dungeon)
 22211 | D:8      | Bought a runed plate armour for 520 gold pieces
 22359 | D:2      | Bought the +3 warlock's mirror {omnireflect} for 1040 gold
                  | pieces
 22359 | D:2      | Found the +3 warlock's mirror {omnireflect}
 22597 | Orc:1    | Entered Level 1 of the Orcish Mines
 22658 | Orc:1    | Noticed Erolcha
 22676 | Orc:1    | Killed Erolcha
 22694 | Orc:1    | Found a roughly hewn altar of Beogh.
 22879 | Orc:1    | Reached skill level 5 in Dodging
 23193 | Orc:2    | Entered Level 2 of the Orcish Mines
 23239 | Orc:2    | Noticed Jorgrun
 23257 | Orc:2    | Killed Jorgrun
 23406 | Orc:2    | Reached skill level 1 in Spellcasting
 23406 | Orc:2    | Reached skill level 1 in Alchemy
 23522 | Orc:2    | Found a staircase to the Elven Halls.
 24035 | Orc:2    | HP: 1/129 [ice devil[an orc high priest] (20)]
 24036 | Orc:2    | Succumbed to an orc warrior's poison

Illustrated notes

Levels and vault maps discovered:
D:1:      dpeg_arrival_stonehenge_12_columns, layout_loops_ring, serial_shops,
          shop, hangedman_decor_opposing
D:2:      layout_loops_ring, serial_shops,
          nicolae_shop_competitors_out_of_business, nicolae_eternal_life
D:3:      layout_basic, elyvilon_altar_5, minmay_cut_off
D:4:      layout_basic, mainiacjoe_overflow_catwalk, kennysheep_generic_room_10
D:5:      layout_loops_ring, kennysheep_little_box,
          mainiacjoe_overflow_surrounded_room, old_standard_altar,
          hangedman_abyss_or_decor_slice, serial_bayou_pond_e, uniq_ijyb
D:6:      layout_basic, pdpol_wu_jian_five_deadly_venoms, uniq_blork_the_orc,
          uniq_pikel
D:7:      layout_cave_pools, eat_drink_and_be_merry_uskayaw,
          minmay_temple_entry_hall, uniq_duvessa, uniq_prince_ribbit1
D:8:      kennysheep_spiral_hall, layout_cave_pools,
          mainiacjoe_overflow_brackets,
          mainiacjoe_overflow_concentric_impassable, erik_lair_orcish_takeover,
          serial_column_ruins, column_ruins_square_small,
          column_ruins_open_small, column_ruins_open_tiny,
          column_ruins_columns_water, column_ruins_grid_4,
          column_ruins_open_medium, serial_shops, nicolae_shop_waterfront, shop,
          nicolae_shop_rolling_square, shop, nicolae_shop_scrapyard
D:9:      layout_loops_ring, enter_bailey_2, gammafunk_ghost_cemetery,
          serial_shops, nicolae_shop_just_a_little_nook,
          nicolae_shop_i_like_small_books_too, kennysheep_potato
D:10:     layout_stronghold, reono_crystal_passage, minmay_strange_pillars,
          chequers_serial_rivers_micro_c, kennysheep_nub,
          nicolae_have_a_lightning_rod
D:11:     layout_cross, zombieorc2_lemuel
D:12:     layout_basic, serial_curves, eino_curves_03, eino_curves_03,
          gammafunk_ghost_grave, the_hattery
D:13:     layout_basic, erik_vaults_1, introduction_to_nature_2
Temple:   cyrus_circular_temple
Lair:1:   layout_long_grid, ebering_ghost_reflecting_pool,
          pdpol_lair_cabin_in_the_woods
Lair:2:   layout_regular_city, nicolae_spider_entry_orb_guardian,
          serial_bayou_shore_b
Lair:3:   layout_gridlike, swamp_mist, lemuel_fruit_tree, grunt_megastairs_3,
          uniq_gastronok
Lair:4:   layout_long_grid, slime_entry_1
Lair:5:   grunt_lair_end_beastmaster, layout_hall_layers,
          chequers_serial_rivers_micro_e, grunt_megastairs_1,
          infiniplex_staircase_pool_2
Orc:1:    layout_caves, basic_altar, uniq_erolcha
Orc:2:    st_orc_pillars, layout_caves, uniq_jorgrun

Skill      XL: |  1  2  3  4  5  6  7  8  9 10 11 12 13 14 |
---------------+-------------------------------------------+-----
Axes           | 3 4 5 6 7 9 11 14 17 18 | 18.0
Fighting       | 7 10 12 13 | 13.6
Armour         | 7 12 | 12.0
Shields        | 5 |  5.0
Evocations     | 3 4 8 12 | 12.0
Earth Magic    | 5 |  5.0
Dodging        | 3 5 |  5.5
Spellcasting   | 2 |  2.1
Alchemy        | 2 |  2.1

Action                     |  1- 3 |  4- 6 |  7- 9 | 10-12 | 13-15 || total
---------------------------+-------+-------+-------+-------+-------++-------
  Melee: War axe           |    91 |    37 |   184 |   530 |    64 ||   906
         Hand axe          |       |    77 |    65 |       |       ||   142
         Broad axe         |       |       |       |   105 |   539 ||   644
   Fire: Sling             |       |     7 |    15 |       |       ||    22
  Evoke: Wand              |       |       |       |     5 |     2 ||     7
         Lightning rod     |       |       |       |       |    12 ||    12
         Phantom mirror    |       |       |       |       |     1 ||     1
         Gell's gravitambo |       |       |       |       |     2 ||     2
    Use: Scroll            |       |       |    12 |    12 |     8 ||    32
         Potion            |       |       |     1 |     5 |     2 ||     8
   Stab: Distracted        |       |       |       |     3 |     3 ||     6
         Petrified         |       |       |       |       |     2 ||     2
         Petrifying        |       |       |       |       |     1 ||     1
 Armour: Scale mail        |    76 |    93 |   221 |   148 |       ||   538
         Ring mail         |       |       |       |   301 |   346 ||   647
  Dodge: Dodged            |    52 |    37 |    87 |   191 |   130 ||   497
  Block: Buckler           |    25 |    25 |    41 |    89 |   245 ||   425
         Reflection        |       |       |       |       |    15 ||    15

Table legend: (Time is in decaauts)
 A = Elapsed time spent in this place.
 B = Non-inter-level travel time spent in this place.
 C = Inter-level travel time spent in this place.
 D = Time resting spent in this place.
 E = Time spent auto-exploring this place.
 F = Levels seen in this place.
 G = Mean time per level.
                   A        B        C        D        E       F      G
               +--------+--------+--------+--------+--------+-----+--------+
         Total |  23857 |  21518 |   2339 |   1401 |  16068 |  22 | 1084.4 |
       Dungeon |  15153 |  13134 |   2019 |    941 |   9573 |  13 | 1165.6 |
        Temple |     17 |     10 |      7 |      0 |      0 |   1 |   17.0 |
          Lair |   6708 |   6417 |    291 |    324 |   5235 |   5 | 1341.6 |
  Orcish Mines |   1390 |   1369 |     21 |    134 |    893 |   2 |  695.0 |
        Bailey |    587 |    587 |      0 |      1 |    366 |   1 |  587.0 |
               +--------+--------+--------+--------+--------+-----+--------+

Top non-repeatable levels by time:
    D:12: 2128 daAuts
     D:8: 2060 daAuts
  Lair:5: 1715 daAuts
    D:10: 1486 daAuts
  Lair:1: 1438 daAuts
  Lair:3: 1404 daAuts
     D:5: 1299 daAuts
     D:9: 1234 daAuts
  Lair:4: 1164 daAuts
     D:6: 1152 daAuts
    D:13: 1009 daAuts
  Lair:2: 986 daAuts
     D:2: 901 daAuts
     D:4: 895 daAuts
    D:11: 880 daAuts
